 Dungeon Crawl Stone Soup version 0.30.0 (webtiles) character file.

Game seed: 1744488233240773024

281417 Ronstob the Unseen (level 21, -21/126 (136) HPs)
             Began as a Kobold Brigand on Sept 23, 2023.
             Was an Elder of Ashenzari.
             Killed from afar by a deep elf death mage (50 damage)
             ... with a bolt of negative energy
             ... on level 3 of the Elven Halls on Sept 25, 2023.
             The game lasted 05:23:49 (38588 turns).

Ronstob the Unseen (Kobold Brigand)                Turns: 38588, Time: 05:23:49

HP:   -21/126 (136) AC: 24    Str: 12    XL:     21   Next: 37%
MP:   38/38         EV: 29    Int: 16    God:    Ashenzari [****..]
Gold: 2176          SH:  7    Dex: 25    Spells: 39/46 levels left

rFire   + . .        t - +8 autumn katana {manifold assault}
rCold   + + .        s - +0 buckler "Ruined Together" {Cun, Fort} (curse)
rNeg    . . .        H - +2 swamp dragon scales
rPois   +            e - +2 helmet of Star-Bound Wisdom {Fort, Alch} (curse)
rElec   +            c - +0 cloak of the Pangnostic God {Alch, Range} (curse)
rCorr   +            i - +0 pair of fencer's gloves {Riposte Dex+3, Cun, Self} (curse)
SInv    +            l - +1 pair of boots of the Pangnostic Sybil {rElec rC+ Str+2, Melee, Range} (curse)
Will    ++...        j - amulet "Bound With Me" {RegenMP, Comp, Elem} (curse)
Stlth   +++++++++    B - ring "Prophetic Lethargy" {AC+4, Cun, Melee} (curse)
HPRegen 0.41/turn    R - ring of willpower
MPRegen 0.66/turn

%: clarity
@: mighty, ice-armoured, resistant, drained
A: small, no large weapons, nightstalker 3
}: 2/15 runes: decaying, gossamer
a: Renounce Religion, Curse Item, Shatter the Chains


You were on level 3 of the Elven Halls.
You worshipped Ashenzari.
Ashenzari was greatly pleased with you.
You visited 7 branches of the dungeon, and saw 34 of its levels.
You also visited: Ice Cave.

You collected 3725 gold pieces.
You spent 1549 gold pieces at shops.

Inventory:

Hand Weapons
 o - a +9 vampiric rapier
 t - the +8 autumn katana (weapon) {manifold assault}
   (You found it on level 7 of the Dungeon)
Missiles
 d - 38 poisoned darts (quivered)
Armour
 c - the cursed +0 cloak of the Pangnostic God (worn) {Alch, Range}

   It has a curse which improves the following skills: Alchemy: Poison Magic and
   Transmutations.
   Ranged Combat: Ranged Weapons and Throwing.
 e - the cursed +2 helmet of Star-Bound Wisdom (worn) {Fort, Alch}
   (You found it on level 13 of the Dungeon)

   It has a curse which improves the following skills: Fortitude: Armour and
   Shields.
   Alchemy:   Poison Magic and Transmutations.
 i - the cursed +0 pair of fencer's gloves (worn) {Riposte Dex+3, Cun, Self}
   (You bought it in a shop on level 2 of the Orcish Mines)

   Riposte:   It allows the wearer to riposte with melee weapons, swiftly
   retaliating against missed or blocked melee attacks.
   Dex:       It affects your dexterity (+3).
   It has a curse which improves the following skills: Cunning: Dodging and
   Stealth.
   Introspection: Fighting and Spellcasting.
 l - the cursed +1 pair of boots of the Pangnostic Sybil (worn) {rElec rC+ Str+2, Melee, Range}
   (You acquired it on level 6 of the Dungeon)

   Str:       It affects your strength (+2).
   rC:        It protects you from cold.
   rElec:     It insulates you from electricity.
   It has a curse which improves the following skills: Melee Combat: Short
   Blades, Long Blades, Axes, Maces & Flails, Polearms, Staves and Unarmed
   Combat.
   Ranged Combat: Ranged Weapons and Throwing.
 p - a scarf of resistance
 s - the cursed +0 buckler "Ruined Together" (worn) {Cun, Fort}
   (You found it on level 2 of the Dungeon)

   It has a curse which improves the following skills: Cunning: Dodging and
   Stealth.
   Fortitude: Armour and Shields.
 H - +2 swamp dragon scales (worn)
Jewellery
 j - the cursed amulet "Bound With Me" (around neck) {RegenMP, Comp, Elem}
   (You found it on level 1 of the Dungeon)

   [amulet of magic regeneration]

   It increases your rate of magic regeneration.
   It has a curse which improves the following skills: Companions: Summonings
   and Necromancy.
   Elements:  Fire Magic, Ice Magic, Air Magic and Earth Magic.
 u - a ring of resist corrosion
 B - the cursed ring "Prophetic Lethargy" (left hand) {AC+4, Cun, Melee}
   (You found it on level 4 of the Dungeon)

   [ring of protection]

   AC:        It affects your AC (+4).
   It has a curse which improves the following skills: Cunning: Dodging and
   Stealth.
   Melee Combat: Short Blades, Long Blades, Axes, Maces & Flails, Polearms,
   Staves and Unarmed Combat.
 O - an amulet of reflection
 R - a ring of willpower (right hand)
 V - an amulet of the acrobat
Wands
 a - a wand of iceblast (20)
 b - a wand of charming (39)
 k - a wand of light (7)
 m - a wand of polymorph (4)
 y - a wand of digging (6)
 F - a wand of flame (17)
 Q - a wand of mindburst (32)
Scrolls
 g - 8 scrolls of immolation
 n - 9 scrolls of amnesia
 v - 8 scrolls of fog
 z - 5 scrolls of poison
 D - 3 scrolls of magic mapping
 G - 8 scrolls of teleportation
 I - 2 scrolls of silence
 W - 6 scrolls of enchant weapon
 X - 4 scrolls of brand weapon
 Y - a scroll of fear
 Z - 4 scrolls of vulnerability
Potions
 h - 14 potions of curing
 x - 7 potions of brilliance
 A - 3 potions of ambrosia
 C - a potion of lignification
 E - 6 potions of mutation
 J - 4 potions of flight
 K - 2 potions of cancellation
 L - 6 potions of haste
 M - a potion of berserk rage
Miscellaneous
 f - a box of beasts
 r - a phial of floods
 S - a phantom mirror
 T - a lightning rod (4/4)


   Skills:
 + Level 13.9(15.6) Fighting
 - Level 14.0(19.3) Short Blades
 * Level 10.8(14.6) Long Blades
 - Level 1.0(2.5) Ranged Weapons
 - Level 2.1(4.2) Throwing
 + Level 15.7(19.1) Dodging
 + Level 19.5(22.8) Stealth
 - Level 3.0(5.2) Shields
 - Level 11.4(13.2) Spellcasting
 - Level 11.4(14.1) Transmutations
 - Level 5.3(7.1) Ice Magic
 - Level 11.2(13.0) Earth Magic
 + Level 12.7 Evocations


You had 39 spell levels left.
You knew the following spells:

 Your Spells              Type           Power      Damage    Failure   Level
a - Petrify               Tmut/Erth      52%        N/A       1%          4
b - Ozocubu's Armour      Ice            33%        N/A       3%          3

Your spell library contained the following spells:

 Spells                   Type           Power      Damage    Failure   Level
 Beastly Appendage        Tmut           100%       N/A       1%          1
 Sandblast                Erth           100%       2d20      1%          1
 Sting                    Tmut/Pois      100%       1d8       1%          1
 Passwall                 Tmut/Erth      43%        N/A       1%          2
 Ice Form                 Ice/Tmut       44%        N/A       2%          4
 Stone Arrow              Conj/Erth      62%        3d10      4%          3
 Ignite Poison            Fire/Tmut/Pois 26%        N/A       9%          3
 Statue Form              Tmut/Erth      34%        N/A       12%         6
 Leda's Liquefaction      Hex/Erth       15%        N/A       14%         4
 Foxfire                  Conj/Fire      40%        2x1d6     19%         1
 Kiss of Death            Conj/Necr      40%        2d8       19%         1
 Apportation              Tloc           20%        N/A       21%         1
 Slow                     Hex            40%        N/A       21%         1
 Poisonous Vapours        Pois/Air       22%        N/A       26%         2
 Cigotuvi's Dreadful Rot  Necr/Pois/Air  22%        N/A       28%         2
 Alistair's Intoxication  Tmut/Pois      22%        N/A       28%         5
 Momentum Strike          Conj/Tloc      20%        3d8       30%         2
 Summon Ice Beast         Ice/Summ       22%        N/A       41%         4
 Call Canine Familiar     Summ           11%        N/A       50%         3
 Vampiric Draining        Necr           11%        2d6       50%         3
 Confusing Touch          Hex            10%        N/A       52%         3
 Dazzling Flash           Conj/Hex       20%        N/A       52%         3
 Portal Projectile        Hex/Tloc       20%        N/A       52%         3
 Metabolic Englaciation   Hex/Ice        11%        N/A       78%         5
 Eringya's Noxious Bog    Tmut/Pois      16%        N/A       85%         6
 Olgreb's Toxic Radiance  Pois           11%        N/A       86%         4
 Anguish                  Hex/Necr       5%         N/A       88%         4
 Animate Dead             Necr           11%        N/A       88%         4
 Dispel Undead            Necr           11%        3d9       88%         4
 Cause Fear               Hex            5%         N/A       90%         4
 Freezing Cloud           Conj/Ice/Air   9%         6-21      90%         5
 Fireball                 Conj/Fire      5%         3d5       99%         5
 Summon Mana Viper        Hex/Summ       10%        N/A       99%         5
 Plasma Beam              Fire/Air       5%         2x1d17    100%        6
 Simulacrum               Ice/Necr       11%        N/A       100%        6
 Starburst                Conj/Fire      5%         6d4       100%        6
 Enfeeble                 Hex            5%         N/A       100%        7
 Haunt                    Necr/Summ      5%         N/A       100%        7
 Monstrous Menagerie      Summ           5%         N/A       100%        7
 Infestation              Necr           5%         N/A       100%        8


Dungeon Overview and Level Annotations

Branches:
Dungeon (15/15)            Temple (1/1) D:6            Lair (5/5) D:8
  Swamp (4/4) Lair:2       Spider (4/4) Lair:3        Slime (0/5) Lair:5
    Orc (2/2) D:10            Elf (3/3) Orc:2        Vaults (0/5) D:13
 Depths (0/4) D:15          IceCv (visited)

Altars:
Ashenzari
Cheibriados
Dithmenos
Elyvilon
Fedhas
Gozag
Hepliaklqana
Kikubaaqudgha
Makhleb
Nemelex Xobeh
Okawaru
Qazlal
Ru
Sif Muna
Trog
Uskayaw
Vehumet
Wu Jian
Xom
Yredelemnul
Zin
The Shining One
Jiyva

Shops:
D:10 [([   D:15 *   Orc:2 [[??

Annotations:
Lair:5 exclusion: obsidian statue


Innate Abilities, Weirdness & Mutations

You are small and have problems with some larger weapons.
You are completely attuned to the shadows.


Message History

The deep elf sorcerer is moderately wounded.
You slice the deep elf sorcerer!!
The deep elf sorcerer is severely wounded.
The deep elf knight points at you and mumbles some strange words.
The shard of ice hits you. You partially resist.
* * * LOW HITPOINT WARNING * * *
The deep elf archer shoots an arrow.
The arrow hits you but does no damage.
The deep elf archer shoots an arrow.
You block the arrow.
The earth elemental hits you but does no damage.
The deep elf sorcerer hits you with a +0 short sword.
* * * LOW HITPOINT WARNING * * *
You hit the deep elf sorcerer.
The deep elf sorcerer is almost dead.
The deep elf knight hits you but does no damage.
The deep elf archer shoots an arrow.
You block the arrow.
The deep elf sorcerer casts a spell at you.
The bolt of acid misses you.
A deep elf annihilator comes into view. It is wielding a +0 dagger.
You closely miss the deep elf sorcerer.
The deep elf sorcerer is severely wounded.
The deep elf knight hits you with a +0 scimitar.
* * * LOW HITPOINT WARNING * * *
You block the deep elf sorcerer's attack.
You riposte.
You barely miss the deep elf sorcerer.
The deep elf sorcerer is severely wounded.
A deep elf death mage comes into view. It is wielding a +0 long sword.
The earth elemental misses you.
You cut the deep elf sorcerer into ribbons!!!
You kill the deep elf sorcerer!
You block the deep elf knight's attack.
The deep elf archer shoots an arrow.
The arrow completely misses you.
You slice the deep elf knight!!
The deep elf knight is severely wounded.
The deep elf knight hits you with a +0 scimitar.
* * * LOW HITPOINT WARNING * * *
The deep elf archer shoots an arrow.
The arrow barely misses you.
You feel better. The deep elf knight closely misses you.
The deep elf death mage casts a spell at you.
The bolt of negative energy hits you!!!
You feel drained.
You die...

, #....# * * , #....#
#. #.* #....# #.#*#.#*
,* #....# #.##.# * *
##..## #.#e#* * #..#
#..e### * ##.#
###e#e{e## * *.# #.#
#)).#.#..#### * *#.#
#.###@e.#..{.{{{{ ,, ,
#<##.##))E.##..{{{##{
, ,
,*#..##.###.###..3.[#,
, * ,#..#e## *.#
#...... * ,...##.## *
# #.#.... *****
..##.#.#* *, , * ,,,
,..#.#*#.#* ,* * ,* ,
, * *, ..# * #.# ,* ,*
,, * , .., , [. , , ,


You could see a deep elf annihilator, a deep elf death mage, 2 deep elf archers,
a deep elf knight (fast, invisible) and an earth elemental.

Vanquished Creatures
  Mara (Spider:3)
  Arachne (Spider:2)
  Rupert (D:13)
  Kirke (Swamp:3)
  Roxanne (Spider:3)
  A fenstrider witch (Swamp:4)
  7 emperor scorpions
  3 deep elf sorcerers
  A deep elf elementalist (Elf:3)
  Louise (Swamp:3)
  9 ghost moths
  4 broodmothers
  2 deep elf demonologists
  Nessos (Orc:2)
  2 bunyips
  2 dire elephants (Lair:5)
  A deep elf annihilator (Elf:1)
  4 eleionomae
  6 spark wasps
  2 entropy weavers
  2 deep elf death magi
  A ragged hierophant (Elf:1)
  Josephine (D:13)
  2 ice dragons (D:15)
  18 hydras
  3 ghost crabs
  3 jorogumos
  2 ogre magi (Orc:2)
  5 boulder beetles
  The ghost of TobyRickard the Fighter, a novice DrBe of Trog (D:8)
  11 alligators
  A death knight (D:14)
  15 two-headed ogres
  24 dancing weapons
  A centaur warrior (D:14)
  A death scarab (Spider:3)
  4 death yaks
  A tengu warrior (D:15)
  Urug (Lair:2)
  13 deep elf knights
  2 spectral death yaks (Lair:5)
  A spectral catoblepas (Lair:2)
  3 goliath frogs
  A spectral anaconda (Lair:5)
  14 orb spiders
  5 pharaoh ants
  6 swamp dragons (Swamp:4)
  2 spriggan druids
  16 bog bodies
  2 deep trolls (Orc:2)
  10 deep elf archers
  5 necromancers
  An orc knight (Orc:1)
  20 deep elf zephyrmancers
  3 steelbarb worms
  25 deep elf pyromancers
  16 wolf spiders
  3 will-o-the-wisps
  A wolf spider (shapeshifter) (Elf:2)
  7 ugly things
  3 moths of wrath
  3 manticores
  A black mamba (Lair:5)
  8 cyclopes
  Maurice (D:9)
  2 ice statues (IceCv)
  11 elephants
  An orange demon (D:13)
  A smoke demon (D:13)
  14 cane toads
  4 torpor snails
  11 demonic crawlers
  An unseen horror (D:12)
  A gargoyle (D:12)
  A rime drake (shapeshifter) (D:15)
  3 anaconda simulacra (IceCv)
  2 freezing wraiths
  4 yaktaurs (D:15)
  4 rime drakes
  8 komodo dragons
  A tengu conjurer (D:15)
  7 ice devils
  2 red devils (D:13)
  A queen bee (shapeshifter) (D:15)
  13 trolls
  10 meliai
  2 polar bears
  Prince Ribbit (D:6)
  Grinder (D:6)
  8 hornets
  A bloated husk (Swamp:2)
  9 tyrant leeches
  20 blink frogs
  22 tarantellas
  3 saltlings (Elf:1)
  5 dream sheep (Lair:4)
  4 air elementals
  16 jumping spiders
  21 culicivoras
  3 vampires
  6 wraiths
  A ynoxinul (D:13)
  3 shadows
  2 dire elephant simulacra (IceCv)
  17 yaks
  Eustachio (D:6)
  7 spriggans
  A spriggan (shapeshifter) (D:14)
  4 basilisks
  2 hogs (Swamp:3)
  50 redbacks
  A steam dragon (D:7)
  6 vampire mosquitoes
  2 death yak simulacra (Lair:5)
  3 harpy simulacra (IceCv)
  11 swamp worms
  A warg (Orc:1)
  10 water moccasins
  A spectral cane toad (Lair:5)
  2 hydra simulacra (IceCv)
  Duvessa (D:6)
  2 ice beasts
  25 orc warriors
  9 swamp drakes
  A black bear (D:7)
  A sky beast (D:6)
  4 elephant zombies (Lair:5)
  23 ogres
  6 centaurs
  2 elephant skeletons (Lair:5)
  15 wolves
  A kobold brigand (D:6)
  11 bullfrogs
  Blork the orc (D:5)
  A cane toad simulacrum (IceCv)
  4 earth elementals (Elf:1)
  A two-headed ogre simulacrum (IceCv)
  A scorpion (D:6)
  17 wights
  Dowan (D:6)
  2 elephant simulacra (Lair:5)
  4 killer bees (D:9)
  A howler monkey (D:7)
  16 jellies
  4 hounds
  14 orc priests
  Crazy Yiuf (D:5)
  4 iron imps
  An iguana (D:4)
  Ijyb (D:3)
  4 hell rats (Lair:2)
  27 orc wizards
  2 polar bear simulacra (IceCv)
  4 gnolls (D:4)
  A naga simulacrum (IceCv)
  9 adders
  A shadow imp (D:7)
  5 ufetubi
  4 worms
  3 dart slugs
  103 orcs
  7 bats
  7 endoplasms
  2 giant cockroaches (D:4)
  6 hobgoblins
  3 jackals (D:5)
  15 kobolds
  4 quokkas
  12 ball pythons
  A frilled lizard (D:1)
  5 goblins
  6 rats
1075 creatures vanquished.

Vanquished Creatures (collateral kills)
  the Lernaean hydra (Swamp:4)
  The ghost of fuwafuwa the Gelid, a journeyman HuIE (Lair:5)
  A bunyip (Swamp:3)
  A hydra (Swamp:4)
  A dancing weapon (Lair:5)
  A goliath frog (Swamp:3)
  A swamp dragon (Swamp:4)
  A bog body (Swamp:3)
  A yak (D:9)
  A hog (Swamp:3)
  2 vampire mosquitoes (Swamp:3)
  An orc wizard (D:9)
13 creatures vanquished.

Vanquished Creatures (others)
  Sonja (D:13)
  A deep elf knight (Elf:1)
  A deep elf pyromancer (D:13)
  2 bloated husks
  2 meliai (Spider:3)
  5 humans (Swamp:3)
  An orc priest (Orc:2)
  2 foxfires (Swamp:3)
  41 fungi
  38 plants
  18 withered plants (Lair:5)
112 creatures vanquished.

Grand Total: 1200 creatures vanquished

Notes
Turn   | Place    | Note
-------+----------+-------------------------------------------
     0 | D:1      | Ronstob the Kobold Brigand began the quest for the Orb.
     0 | D:1      | Reached XP level 1. HP: 12/12 MP: 1/1
   147 | D:1      | Reached XP level 2. HP: 12/17 MP: 2/2
   835 | D:1      | Reached XP level 3. HP: 21/21 MP: 3/3
  1108 | D:2      | Reached skill level 6 in Stealth
  1179 | D:2      | Reached XP level 4. HP: 15/26 MP: 4/4
  1394 | D:2      | Reached skill level 5 in Short Blades
  1756 | D:2      | Reached XP level 5. HP: 30/30 MP: 5/5
  1887 | D:2      | Found a faded altar of an unknown god.
  2818 | D:3      | Noticed Ijyb
  2822 | D:3      | Killed Ijyb
  3008 | D:4      | Reached XP level 6. HP: 31/35 MP: 6/6
  3011 | D:4      | Found a blossoming altar of Fedhas.
  3087 | D:4      | Reached skill level 7 in Stealth
  3542 | D:4      | Found a glowing golden altar of the Shining One.
  3570 | D:5      | Entered Level 5 of the Dungeon
  3617 | D:5      | Noticed a water moccasin
  3624 | D:5      | Killed a water moccasin
  3810 | D:5      | Noticed an ice beast
  3810 | D:5      | Noticed a water moccasin
  3822 | D:5      | Killed an ice beast
  3823 | D:5      | Reached XP level 7. HP: 40/40 MP: 7/7
  3834 | D:5      | Killed a water moccasin
  3835 | D:5      | Reached skill level 8 in Stealth
  3944 | D:5      | Noticed Blork the orc
  3962 | D:5      | Killed Blork the orc
  4089 | D:5      | Found a runed translucent door.
  4092 | D:5      | Noticed Crazy Yiuf
  4099 | D:5      | Killed Crazy Yiuf
  4146 | D:5      | Reached XP level 8. HP: 38/44 MP: 8/8
  4287 | D:5      | Found an ancient bone altar of Kikubaaqudgha.
  4599 | D:6      | Learned a level 4 spell: Petrify
  4605 | D:6      | Noticed Prince Ribbit
  4607 | D:6      | Noticed Grinder
  4772 | D:6      | Identified 2 scrolls of acquirement
  4772 | D:6      | Acquired the +1 pair of boots of Snakes and Ladders {rElec
                  | rC+ Str+2}
  4794 | D:6      | Noticed Eustachio
  4797 | D:6      | Killed Eustachio
  4798 | D:6      | Reached skill level 9 in Stealth
  4801 | D:6      | Reached skill level 10 in Short Blades
  4978 | D:6      | Found a staircase to the Ecumenical Temple.
  4984 | Temple   | Entered the Ecumenical Temple
  5066 | Temple   | Became a worshipper of Ashenzari the Shackled
  5189 | D:6      | Noticed Dowan
  5194 | D:6      | Noticed Duvessa
  5231 | D:6      | Killed Dowan
  5236 | D:6      | Killed Duvessa
  5257 | D:6      | Acquired a +1 vampiric rapier
  5375 | D:6      | Killed Prince Ribbit
  5376 | D:6      | Reached XP level 9. HP: 48/51 MP: 9/9
  5480 | D:6      | Reached skill level 10 in Stealth
  5691 | D:6      | Killed Grinder
  5692 | D:6      | Reached skill level 5 in Dodging
  5875 | D:7      | Noticed a boulder beetle
  5878 | D:7      | Noticed a manticore
  5889 | D:7      | Killed a boulder beetle
  5903 | D:7      | Killed a manticore
  5904 | D:7      | Reached skill level 5 in Fighting
  5904 | D:7      | Reached skill level 11 in Stealth
  5904 | D:7      | Reached XP level 10. HP: 45/59 MP: 10/10
  5954 | D:7      | Found the +8 autumn katana {manifold assault}
  6028 | D:7      | Reached skill level 1 in Spellcasting
  6028 | D:7      | Reached skill level 1 in Transmutations
  6028 | D:7      | Reached skill level 1 in Earth Magic
  6153 | D:7      | Noticed a green ugly thing
  6263 | D:7      | Found an opulent altar of Gozag.
  6517 | D:7      | Killed a green ugly thing
  6941 | D:8      | Found a burning altar of Makhleb.
  7065 | D:8      | Reached * piety under Ashenzari
  7096 | D:8      | Found a runed translucent door.
  7098 | D:8      | Found a shimmering altar of Xom.
  7098 | D:8      | Noticed TobyRickard's ghost (novice DrBe)
  7099 | D:8      | Noticed a +1 spear of chaos
  7286 | D:8      | Noticed a death yak
  7289 | D:8      | Noticed a death yak
  7305 | D:8      | Noticed a death yak
  7307 | D:8      | Killed a death yak
  7308 | D:8      | Reached XP level 11. HP: 32/64 MP: 14/16
  7311 | D:8      | Killed a death yak
  7319 | D:8      | HP: 2/64 [death yak (22)]
  7323 | D:8      | Killed a death yak
  7324 | D:8      | Reached skill level 12 in Stealth
  7531 | D:8      | Found a staircase to the Lair.
  7642 | D:9      | Noticed Maurice
  7646 | D:9      | Killed Maurice
  7664 | D:9      | Found a glowing silver altar of Zin.
  7726 | D:9      | Noticed a two-headed ogre
  7807 | D:9      | Killed a two-headed ogre
  7972 | D:9      | Found a sacrificial altar of Ru.
  8004 | D:9      | Reached ** piety under Ashenzari
  8093 | D:9      | Reached skill level 5 in Transmutations
  8100 | D:9      | Noticed a two-headed ogre
  8109 | D:9      | Reached skill level 5 in Spellcasting
  8111 | D:9      | Reached skill level 5 in Earth Magic
  8223 | D:9      | Noticed a two-headed ogre
  8239 | D:9      | Killed a two-headed ogre
  8390 | D:9      | Found a shadowy altar of Dithmenos.
  8409 | D:9      | Noticed a two-headed ogre
  8445 | D:9      | Killed a two-headed ogre
  8446 | D:9      | Reached XP level 12. HP: 71/71 MP: 18/20
  8487 | D:9      | Found a snail-covered altar of Cheibriados.
  8904 | D:10     | Entered Level 10 of the Dungeon
  9012 | D:10     | Found a staircase to the Orcish Mines.
  9192 | D:10     | Found Wiovy's Weapon Shop.
  9518 | D:10     | Found Zeutaz's Weapon Shoppe.
  9520 | D:10     | Found Hiblehodgh's Antique Armour Shoppe.
  9521 | D:10     | Found Fut Woa's Armour Shoppe.
  9573 | D:10     | Reached *** piety under Ashenzari
 10089 | D:11     | Noticed a boulder beetle
 10109 | D:11     | Killed a boulder beetle
 10160 | D:11     | Reached **** piety under Ashenzari
 10323 | D:11     | Identified Takoufat's Opusculum on Mercurial Beguiling
 10448 | Lair:1   | Entered Level 1 of the Lair of Beasts
 10708 | Lair:1   | Noticed a boulder beetle
 10712 | Lair:1   | Killed a boulder beetle
 11136 | Lair:1   | Reached skill level 13 in Stealth
 11591 | Lair:2   | Noticed Urug
 11595 | Lair:2   | Killed Urug
 11834 | Lair:2   | Reached skill level 1 in Shields
 11889 | Lair:2   | Reached XP level 13. HP: 78/78 MP: 2/22
 11942 | Lair:2   | Noticed a ghost crab
 11969 | Lair:2   | Killed a ghost crab
 11971 | Lair:2   | Found a staircase to the Swamp.
 12502 | Lair:2   | Reached skill level 10 in Dodging
 12835 | Lair:2   | Noticed a seven-headed hydra
 12846 | Lair:2   | Killed a seven-headed hydra
 12999 | Lair:3   | Reached skill level 1 in Evocations
 13282 | Lair:3   | Noticed a seven-headed hydra
 13286 | Lair:3   | Killed a seven-headed hydra
 13412 | Lair:3   | Reached skill level 14 in Stealth
 13453 | Lair:3   | Noticed a seven-headed hydra
 13457 | Lair:3   | Killed a seven-headed hydra
 13584 | Lair:3   | Identified the +2 scale mail "Kefeseg" {Regen+ Slay+3
                  | Stlth+}
 13696 | Lair:3   | Found a hole to the Spider Nest.
 13885 | Lair:4   | Reached skill level 5 in Evocations
 14037 | Lair:4   | Found a frozen archway.
 14045 | IceCv    | Entered an ice cave
 14486 | IceCv    | Found the +2 Maxwell's thermic engine {flame, freeze, rev}
 14492 | IceCv    | Reached XP level 14. HP: 86/86 MP: 23/23
 15672 | Lair:5   | Entered Level 5 of the Lair of Beasts
 15786 | Lair:5   | Reached skill level 15 in Stealth
 16184 | Lair:5   | Found a runed translucent door.
 16185 | Lair:5   | Found a shimmering altar of Xom.
 16185 | Lair:5   | Noticed fuwafuwa's ghost (journeyman HuIE)
 16473 | Lair:5   | Found a viscous altar of Jiyva.
 16474 | Lair:5   | Found a staircase to the Slime Pits.
 16929 | Lair:5   | Noticed a dire elephant
 17115 | Lair:5   | Noticed a dire elephant
 17257 | Lair:5   | Reached skill level 1 in Long Blades
 17306 | Lair:5   | Killed a dire elephant
 17307 | Lair:5   | Reached skill level 10 in Fighting
 17532 | Lair:5   | Killed a dire elephant
 17533 | Lair:5   | Reached XP level 15. HP: 71/92 MP: 26/26
 17721 | Lair:5   | Killed fuwafuwa's ghost
 18030 | D:8      | Killed TobyRickard's ghost
 18691 | D:12     | Found a stormy altar of Qazlal.
 18952 | D:13     | Reached ***** piety under Ashenzari
 19116 | D:13     | Killed Sonja
 19349 | D:13     | Noticed Josephine
 19353 | D:13     | Killed Josephine
 19434 | D:13     | Noticed Rupert
 19438 | D:13     | Killed Rupert
 19582 | D:13     | Found a gate to the Vaults.
 20665 | D:15     | Entered Level 15 of the Dungeon
 21014 | D:15     | Reached skill level 16 in Stealth
 21381 | D:15     | Found Govipt's General Store.
 21387 | D:15     | Bought a book of Winter for 544 gold pieces
 21391 | D:15     | Learned a level 3 spell: Ozocubu's Armour
 21540 | D:15     | Found a staircase to the Depths.
 21713 | Orc:1    | Entered Level 1 of the Orcish Mines
 21849 | Orc:1    | Reached XP level 16. HP: 99/99 MP: 29/29
 22099 | Orc:1    | Found a runed translucent door.
 22160 | Orc:1    | Reached skill level 1 in Ice Magic
 22407 | Orc:2    | Entered Level 2 of the Orcish Mines
 22407 | Orc:2    | Found a staircase to the Elven Halls.
 22854 | Orc:2    | Noticed Nessos
 22877 | Orc:2    | Killed Nessos
 23317 | Orc:2    | Found Cihan's Magic Scroll Emporium.
 23318 | Orc:2    | Found Ketet's Armour Emporium.
 23322 | Orc:2    | Bought a scroll of enchant weapon for 105 gold pieces
 23322 | Orc:2    | Bought a scroll of enchant armour for 105 gold pieces
 23322 | Orc:2    | Bought a scroll of enchant armour for 105 gold pieces
 23328 | Orc:2    | Bought the +0 pair of fencer's gloves {Riposte Dex+3} for
                  | 480 gold pieces
 23328 | Orc:2    | Found the +0 pair of fencer's gloves {Riposte Dex+3}
 23360 | Orc:2    | Found Niug's Magic Scroll Boutique.
 23365 | Orc:2    | Bought a scroll of enchant weapon for 105 gold pieces
 23365 | Orc:2    | Bought a scroll of enchant weapon for 105 gold pieces
 23383 | Orc:2    | Found Ukofyot's Armour Shoppe.
 23669 | Swamp:1  | Entered Level 1 of the Swamp
 23981 | Swamp:1  | Reached skill level 10 in Spellcasting
 25206 | Swamp:3  | Noticed Kirke
 25215 | Swamp:3  | Reached skill level 10 in Evocations
 25218 | Swamp:3  | Reached XP level 17. HP: 79/109 MP: 16/33
 25221 | Swamp:3  | Killed Kirke
 25248 | Swamp:3  | Reached skill level 5 in Ice Magic
 25390 | Swamp:3  | Noticed Louise
 25394 | Swamp:3  | Killed Louise
 25811 | Swamp:4  | Entered Level 4 of the Swamp
 25837 | Swamp:4  | Reached skill level 10 in Earth Magic
 25890 | Swamp:4  | Found a shadowy altar of Dithmenos.
 25972 | Swamp:4  | Reached skill level 17 in Stealth
 25980 | Swamp:4  | Paralysed by a fenstrider witch for 5 turns
 26053 | Swamp:4  | Reached skill level 10 in Transmutations
 26529 | Swamp:4  | Reached skill level 5 in Long Blades
 26991 | Swamp:4  | Noticed the 27-headed Lernaean hydra
 27148 | Spider:1 | Entered Level 1 of the Spider Nest
 28353 | Spider:1 | Reached XP level 18. HP: 116/116 MP: 34/34
 29192 | Spider:1 | Identified the +8 long sword "Xavuul" {venom, Dex+2}
 30443 | Spider:2 | Noticed Arachne
 30447 | Spider:2 | Killed Arachne
 30728 | Spider:3 | Noticed Mara
 31317 | Swamp:4  | Killed the 27-headed Lernaean hydra
 31323 | Swamp:4  | Got a decaying rune of Zot
 31796 | Spider:3 | Killed Mara
 31797 | Spider:3 | Reached skill level 18 in Stealth
 32094 | Spider:3 | Reached skill level 1 in Ranged Weapons
 32807 | Spider:3 | Identified Roxanne's Vellum of Metamorphosis
 32807 | Spider:3 | Noticed Roxanne
 32977 | Spider:3 | Killed Roxanne
 33024 | Spider:4 | Entered Level 4 of the Spider Nest
 33292 | Spider:4 | Reached XP level 19. HP: 37/122 MP: 10/35
 34044 | Spider:4 | Got a gossamer rune of Zot
 34052 | Spider:4 | Reached XP level 20. HP: 124/128 MP: 37/37
 34948 | Elf:1    | Entered Level 1 of the Elven Halls
 35469 | Elf:1    | Identified the Compendium of Autotheism
 35542 | Elf:1    | Reached skill level 15 in Dodging
 36418 | Elf:1    | Reached skill level 10 in Long Blades
 36418 | Elf:1    | Reached skill level 19 in Stealth
 36624 | Elf:2    | Paralysed by an air elemental for 1 turns
 36967 | Elf:2    | Found a runed translucent gate.
 36986 | Elf:2    | Found a runed translucent gate.
 36990 | Elf:2    | Found a runed translucent gate.
 37005 | Elf:2    | Reached XP level 21. HP: 126/134 MP: 38/38
 37224 | Elf:2    | Identified the cursed +0 cloak of the Pangnostic God {Alch,
                  | Range}
 37224 | Elf:2    | Identified the cursed +2 helmet of Star-Bound Wisdom {Fort,
                  | Alch} (You found it on level 13 of the Dungeon)
 38287 | Elf:2    | Paralysed by an air elemental for 1 turns
 38508 | Elf:3    | Entered Level 3 of the Elven Halls
 38588 | Elf:3    | Killed from afar by a deep elf death mage

Illustrated notes

Levels and vault maps discovered:
D:1:      dreamdust_arrival_beginning_and_end, layout_loops_ring
D:2:      layout_basic, nicolae_ecumenical_lake_church
D:3:      layout_basic, uniq_ijyb
D:4:      layout_rooms, mainiacjoe_overflow_concentric_impassable,
          mainiacjoe_overflow_brackets
D:5:      layout_cave_pools, lemuel_round_altar, solitary_fountain,
          uniq_crazy_yiuf_cottage, uniq_blork_the_orc
D:6:      layout_cave_pools, minmay_temple_entry_tees,
          minmay_increasing_density, uniq_eustachio, uniq_grinder,
          uniq_prince_ribbit1, uniq_duvessa
D:7:      layout_rooms, grunt_gozag_statues, minmay_the_grid_2x2
          [minmay_the_grid_x, minmay_the_grid_paths, minmay_the_grid_large_cup,
          minmay_the_grid_prize_four_corners_diamond_b]
D:8:      layout_rooms, demons_altar, dpeg_lair_monsters, ebering_ghost_xom
D:9:      layout_cave_pods, mainiacjoe_overflow_tiny_flanked,
          mainiacjoe_overflow_small_starburst, kennysheep_mini, slow_altar_2,
          uniq_maurice
D:10:     layout_loops_ring, hiddenorc2_lemuel, serial_shops,
          nicolae_shop_advertising_works [nicolae_subvault_shop_adworks],
          nicolae_shop_distant_corner_stores
D:11:     layout_rooms, minmay_misc_feat_enclosed
D:12:     layout_long_grid, nicolae_qazlal_eye_of_the_storm
D:13:     layout_basic, david_vaults_1, serial_demonic, serial_demonic_e,
          serial_demonic_e, serial_demonic_e, serial_demonic_f,
          lemuel_flamethrower_hall, uniq_sonja, uniq_josephine, uniq_rupert
D:14:     layout_basic, kennysheep_flooded_box
D:15:     grunt_enter_depths_hoard, layout_basic, serial_park_tiny_1,
          serial_shops, nicolae_lakefront_shop
Temple:   nicolae_temple_god_jail
Lair:1:   layout_cave_pods
Lair:2:   layout_cave_pods, nicolae_swamp_entry_spooky, uniq_urug
Lair:3:   layout_concentric_octagons, nicolae_spider_entry_tight_spaces,
          grunt_megastairs_4
Lair:4:   layout_regular_city, portal_ice_cave_rime
Lair:5:   due_jungle_book, layout_loops_ring, minmay_slime_entry_jelly_boxes,
          ebering_ghost_xom, nicolae_lair_grove_arrangements
Swamp:1:  layout_basic_swamp, evilmike_swamp_ruin_house_1
Swamp:2:  layout_falls_marsh, nicolae_swamp_decorative_isthmus
Swamp:3:  layout_basic_swamp, evilmike_swamp_ruin_wall,
          nicolae_swamp_catching_bugs, infiniplex_staircase_pool_2, uniq_kirke,
          uniq_louise
Swamp:4:  grunt_swamp_rune_castle, layout_basic_swamp, swamp_pool3,
          lemuel_altar_in_water, cheibrodos_swamp_witchery
Spider:1: layout_chambers, drop_trap
Spider:2: layout_spider_delve, uniq_arachne
Spider:3: layout_cave_pods, hangedman_spider_tarantella_strand, uniq_roxanne,
          uniq_mara
Spider:4: grunt_spider_rune_island
Orc:1:    layout_caves, lightli_church_of_beogh
Orc:2:    st_orc_open, layout_caves, uniq_nessos
Elf:1:    minmay_elf_arrival_circle, layout_gridlike,
          portal_desolation_entry_nicolae_nacl, minmay_elf_annihilation
Elf:2:    elven_hall_of_blades_hangedman_original
          [nicolae_blade_entry_sentries_behind_glass], layout_geoelf_diagonals
Elf:3:    minmay_elf_hall_statues, layout_rooms

Skill      XL: |  1  2  3  4  5  6  7  8  9 10 11 12 13 14 15 16 17 18 19 20 |
---------------+-------------------------------------------------------------+-----
Short Blades   | 3 4 5 6 8 9 10 11 12 13 14 | 14.0
Stealth        | 6 7 8 9 11 12 13 14 15 16 17 18 19 | 19.5
Dodging        | 3 7 8 9 11 12 13 14 15 | 15.7
Fighting       | 3 5 6 7 9 10 11 12 13 | 13.9
Spellcasting   | 3 5 6 7 9 10 11 | 11.4
Transmutations | 3 5 6 8 9 10 11 | 11.4
Earth Magic    | 3 5 6 7 9 10 11 | 11.2
Shields        | 1 3 |  3.0
Evocations     | 6 8 9 10 11 12 | 12.7
Long Blades    | 1 2 4 5 7 9 10 | 10.8
Ice Magic      | 4 5 |  5.3
Ranged Weapons | 1 |  1.0
Throwing       | |  2.1

Action                     |  1- 3 |  4- 6 |  7- 9 | 10-12 | 13-15 | 16-18 | 19-21 || total
---------------------------+-------+-------+-------+-------+-------+-------+-------++-------
  Melee: Dagger            |    90 |   143 |   111 |       |       |       |       ||   344
         Punch             |       |       |     1 |     5 |       |       |       ||     6
         Rapier            |       |       |    77 |   225 |   550 |   397 |   158 ||  1407
         Katana            |       |       |       |   233 |   239 |   567 |   434 ||  1473
  Throw: Dart              |    12 |    14 |    15 |     8 |    11 |     8 |     1 ||    69
   Cast: Petrify           |       |       |       |    19 |   148 |   245 |    51 ||   463
         Ozocubu's Armour  |       |       |       |       |       |     8 |     4 ||    12
 Invoke: Curse Item        |       |       |       |     6 |     2 |     1 |       ||     9
         Shatter the Chain |       |       |       |       |     1 |     1 |       ||     2
  Evoke: Wand              |       |     8 |     9 |    12 |     8 |    32 |     2 ||    71
         Phantom mirror    |       |       |       |       |     1 |     3 |       ||     4
         Box of beasts     |       |       |       |       |     1 |     2 |       ||     3
         Lightning rod     |       |       |       |       |       |    12 |       ||    12
         Phial of floods   |       |       |       |       |       |     1 |       ||     1
    Use: Scroll            |       |     4 |     5 |    10 |     4 |    10 |     3 ||    36
         Potion            |       |       |     7 |     2 |     3 |     9 |    11 ||    32
   Stab: Sleeping          |    15 |    19 |    11 |    33 |    95 |    71 |    31 ||   275
         Distracted        |     1 |       |     2 |     4 |     4 |     2 |     6 ||    19
         Invisible         |       |       |     4 |     2 |    10 |    11 |     2 ||    29
         Petrifying        |       |       |       |     6 |    72 |   110 |    32 ||   220
         Petrified         |       |       |       |     3 |    30 |    39 |    11 ||    83
 Armour: Robe              |    21 |    21 |    33 |       |       |       |       ||    75
         Leather armour    |       |       |       |    43 |   134 |   111 |       ||   288
         Swamp dragon scal |       |       |       |       |       |   176 |    90 ||   266
         Skin              |       |       |       |       |       |       |    30 ||    30
  Dodge: Dodged            |    48 |    69 |    81 |   326 |   678 |  1292 |   320 ||  2814
  Block: Buckler           |       |       |       |       |   161 |   360 |    87 ||   608
Riposte: Rapier            |       |       |       |       |       |    82 |    23 ||   105
         Katana            |       |       |       |       |       |   119 |    59 ||   178
